 Dungeon Crawl Stone Soup version 0.23.1-37-gaa34b87 (webtiles) character file.

Game seed: 12022890947733750851

27 Borgoz the Sneak (level 3, -2/20 HPs)
             Began as a Kobold Enchanter on Mar 22, 2019.
             Slain by a kobold
             ... wielding a +0 whip
              (5 damage)
             ... on level 2 of the Dungeon.
             The game lasted 00:01:34 (1216 turns).

Borgoz the Sneak (Kobold Enchanter)                 Turns: 1216, Time: 00:01:34

Health: -2/20      AC:  2    Str:  5    XL:     3   Next: 25%
Magic:  0/6        EV: 15    Int: 16    God:
Gold:   82         SH:  0    Dex: 16    Spells: 0/6 levels left

rFire    . . .     SeeInvis .   a - +1 dagger
rCold    . . .     Gourm    .   (shield restricted)
rNeg     . . .     Faith    .   b - +0 robe
rPois    .         Spirit   .   (no helmet)
rElec    .         Reflect  .   (no cloak)
rCorr    .         Harm     .   (no gloves)
MR       .....                  (no boots)
Stlth    +++.......             (no amulet)
HPRegen  0.06/turn              (no ring)
MPRegen  0.10/turn              (no ring)

@: no status effects
A: small, carnivore
a: no special abilities


You were on level 2 of the Dungeon.
You were completely stuffed.

You visited 1 branch of the dungeon, and saw 2 of its levels.

You collected 82 gold pieces.

Inventory:

Hand Weapons
 a - a +1 dagger (weapon)
Armour
 b - a +0 robe (worn)
Scrolls
 e - a scroll of identify
 f - 4 scrolls of teleportation
 g - a scroll of remove curse {unknown}
Potions
 c - a potion of cancellation {unknown}
Comestibles
 d - 2 rations


   Skills:
 * Level 1.0 Fighting
 + Level 1.8 Short Blades
 * Level 0.7 Armour
 + Level 2.6 Dodging
 + Level 4.2 Stealth
 + Level 2.3 Spellcasting
 * Level 3.2 Hexes


You couldn't memorise any spells.
You knew the following spells:

 Your Spells              Type           Power        Failure   Level  Hunger
a - Corona                Hex            ##.....      5%          1    #......
b - Ensorcelled Hibernat  Hex/Ice        #.....       16%         2    ###....
c - Confuse               Hex            ##......     16%         3    ###....

Your spell library contained the following spells:

 Spells                   Type           Power        Failure   Level  Hunger
 Tukima's Dance           Hex            ##......     16%         3    ###....
 Dazzling Spray           Conj/Hex       #.....       30%         3    ###....


Dungeon Overview and Level Annotations

Branches:
Dungeon (2/15)

Altars:
Okawaru
Trog
Vehumet
Wu Jian
Zin


Innate Abilities, Weirdness & Mutations

You are small and have problems with some larger weapons.
You are carnivorous and can eat meat at any time.


Message History

The kobold hits you with a +0 whip.
* * * LOW HITPOINT WARNING * * *
Casting: Ensorcelled Hibernation (safe; 16% risk of failure)
Confirm with . or Enter, or press ? or * to list all spells.
You don't have enough magic to cast that spell.
Unknown command.
Casting: Ensorcelled Hibernation (safe; 16% risk of failure)
Confirm with . or Enter, or press ? or * to list all spells.
Aiming: Ensorcelled Hibernation (safe; 16% risk of failure)
Press: ? - help, Shift-Dir - straight line, f/p - kobold
Aim: a kobold, wielding a +0 whip (chance to defeat MR: 56%)
The kobold resists with significant effort.
The kobold closely misses you.
You hit the kobold but do no damage. The kobold misses you.
You hit the kobold but do no damage. The kobold hits you with a +0 whip.
* * * LOW HITPOINT WARNING * * *
You hit the kobold.
The kobold is heavily wounded.
The kobold hits you with a +0 whip.
You die...

...._..._..#
##.........#
##....⌠.._.#
#######
...........#
#..÷.(#
##.._......#
#.###.#
......_..†.#
#.# #
#...#.(....#
#.#
.##...####.#
#K# ####.##
#.# #@# #
#.# #.# #.#
..# #.# #.#
####
#.#####.#
#.......#
#########


You could see a kobold.

Vanquished Creatures
  An ooze (D:1)
  A leopard gecko (D:1)
  A bat (D:1)
  2 hobgoblins
  7 jackals
  A kobold (D:1)
  2 frilled lizards
  3 goblins
18 creatures vanquished.

Notes
Turn   | Place    | Note
-------+----------+-------------------------------------------
     0 | D:1      | Borgoz the Kobold Enchanter began the quest for the Orb.
     0 | D:1      | Reached XP level 1. HP: 10/10 MP: 3/3
   213 | D:1      | Reached XP level 2. HP: 16/16 MP: 5/5
   217 | D:1      | Learned a level 2 spell: Ensorcelled Hibernation
  1080 | D:2      | Found a glowing silver altar of Zin.
  1092 | D:2      | Reached XP level 3. HP: 20/20 MP: 6/6
  1097 | D:2      | Learned a level 3 spell: Confuse
  1103 | D:2      | Reached skill level 1 in Fighting
  1113 | D:2      | Found a bloodstained altar of Trog.
  1114 | D:2      | Found an ornate altar of the Wu Jian Council.
  1115 | D:2      | Found a radiant altar of Vehumet.
  1116 | D:2      | Found an iron altar of Okawaru.
  1216 | D:2      | Slain by a kobold

Skill      XL: |  1  2  3 |
---------------+----------+-----
Fighting       | 1 |  1.0
Short Blades   | |  1.8
Armour         | |  0.7
Dodging        | |  2.6
Stealth        | |  4.2
Spellcasting   | |  2.3
Hexes          | |  3.2

Action                   || total
-------------------------++-------
Melee: Dagger            ||   101
 Cast: Ensorcelled Hiber ||     6
  Use: Scroll            ||     2
 Stab: Sleeping          ||     6
  Eat: Chunk             ||    10
Armor: Robe              ||     8
Dodge: Dodged            ||    85
